Cogmind - Beta 13 @@@ ROGUE MODE // 2024.04.12 @ 07:21:47 Player: Bulbasornado Result: Destroyed by G-34 Mercenary with Small Laser Performance ------------- Evolutions (0) 0 Regions Visited (1) 200 Robots Destroyed (27) 135 Value Destroyed (633) 633 Prototype IDs (3) 60 Alien Tech Used (0) 0 Bonus (0) 0 TOTAL SCORE: 1028 Bonus ------- None Cogmind --------- Core Integrity 0/250 Matter 253/300 Energy 122/125 System Corruption 0% Temperature Hot (222) Movement Walking (120) Location -10/Materials Parts ------- > --- POWER (1) -------- Light Ion Engine > --- PROPULSION (2) --- Aluminum Leg Aluminum Leg > --- UTILITY (2) ------ Medium Storage Unit Targeting Computer > --- WEAPON (2) ------- Beam Cannon Assault Rifle > --- INVENTORY (10) --- Light Treads Aluminum Leg Aluminum Leg Aluminum Leg Aluminum Leg Aluminum Leg Aluminum Leg Beam Cannon Light Cannon Peak State ------------ > --- POWER ------------ Light Nuclear Core > --- PROPULSION ------- Aluminum Leg Aluminum Leg > --- UTILITY ---------- Medium Storage Unit Targeting Computer > --- WEAPON ----------- Particle Gun Assault Rifle > --- INVENTORY -------- Light Ion Engine Aluminum Leg Aluminum Leg Aluminum Leg Aluminum Leg Aluminum Leg Aluminum Leg Aluminum Leg Aluminum Leg Small Laser [Rating: 11] Favorites ----------- Power Light Ion Engine Engine Light Ion Engine Power Core Light Nuclear Core Propulsion Aluminum Leg Leg Aluminum Leg Utility Seismic Detector Device Seismic Detector Storage Medium Storage Unit Processor Targeting Computer Weapon Assault Rifle Energy Gun Small Laser Energy Cannon Beam Cannon Ballistic Gun Assault Rifle Build | -11 -10 ------- Run | Yrd Mat Slots Evolved . | . . Power . | . . Propulsion . | . . Utility . | . . Weapon . | . . Parts Attached 22 | 7 15 Power 4 | 1 3 Engine 3 | 1 2 Core 1 | . 1 Reactor . | . . Propulsion 7 | 2 5 Treads . | . . Leg 7 | 2 5 Wheel . | . . Hover . | . . Flight . | . . Utility 4 | 2 2 Device 2 | 2 . Storage 1 | . 1 Processor 1 | . 1 Hackware . | . . Protection . | . . Artifact . | . . Weapon 7 | 2 5 Energy Gun 3 | 1 2 Energy Cannon 1 | . 1 Ballistic Gun 3 | 1 2 Ballistic Cannon . | . . Launcher . | . . Special Weapon . | . . Impact Weapon . | . . Slashing Weapon . | . . Piercing Weapon . | . . Special Melee Weapon . | . . Unidentified Prototypes . | . . Parts Lost 4 | . 4 Power 1 | . 1 Propulsion 1 | . 1 Utility . | . . Weapon 2 | . 2 Highest Loss Streak 2 | . 2 To Critical Strikes . | . . Average Slot Usage (%) 98 | . 98 Engine 5 | . 5 Core 7 | . 7 Leg 27 | . 27 Device 11 | . 11 Storage 13 | . 13 Processor 3 | . 3 Energy Gun 13 | . 13 Ballistic Gun 13 | . 13 Naked Turns . | . . Heaviest Build 20 | 8 20 Greatest Support 20 | 20 20 Greatest Overweight (x) 1 | . 1 Average Overweight (x) . | . . Largest Inventory Capacity 10 | 5 10 Average Capacity 8 | 5 9 Most Carried 10 | 5 10 Average Carried 7 | 4 8 Final Capacity 10 | 5 10 Final Carried 9 | 5 9 Class Distribution -------------------- 59% | Mutant 40% | Scavenger-Mutant Dominant Class ---------------- Scavenger-Mutant | -10/Materials Resources | -11 -10 ----------- Run | Yrd Mat Matter Collected 635 | 294 341 Remotely . | . . Salvage Created 822 | 92 730 Parts 58 | 10 48 Haulers Intercepted 1 | . 1 Recyclers Shooed . | . . Parts Field Recycled . | . . Retrieved Matter . | . . Parts Self-Destructed . | . . Prevented . | . . Kills | -11 -10 ------- Run | Yrd Mat Combat Hostiles Destroyed 21 | 1 20 Guns 21 | 1 20 Classes Destroyed 6 | 3 3 Worker 1 | 1 . Tunneler 3 | 3 . Hauler 1 | . 1 Operator 1 | . 1 Swarmer 6 | . 6 Grunt 15 | 1 14 Best Kill Streak 5 | 4 5 Combat Bots Only 5 | 1 5 Max Kills in Single Turn 2 | 1 2 Gunslinging 1 | . 1 Exploded . | . . Melee . | . . Uniques/NPCs Destroyed . | . . Combat | -11 -10 -------- Run | Yrd Mat Hostile Shots Fired 133 | 4 129 Missed 29 | . 29 Damage Taken 1111 | 44 1067 Core 254 | . 254 Absorbed by Shields . | . . Regen/Repaired (Parts) 83 | . 83 Core Remaining (%) 100 | 100 . Volleys Fired 94 | 8 86 Largest 2 | 2 2 Hottest 85 | 60 85 Shots Fired 181 | 16 165 Gun 173 | 16 157 Cannon 8 | . 8 Launcher . | . . Special . | . . Kinetic 94 | 8 86 Thermal 87 | 8 79 Explosive . | . . Electromagnetic . | . . Robot Hit Streak 12 | 9 12 Robot Miss Streak 10 | 2 10 Penetration Max . | . . Secondary Targets 3 | . 3 Max Gunslinging Chain 1 | . 1 Shots Hit Robots 102 | 12 90 Core Hits 44 | 6 38 Critical Kills 1 | . 1 Critical Parts Destroyed . | . . Critical Strikes 1 | . 1 Destroy 1 | . 1 Melee Attacks . | . . Impact . | . . Slashing . | . . Piercing . | . . Sneak Attacks . | . . Combat Hostiles . | . . Follow-up Attacks . | . . Damage Inflicted 1232 | 139 1093 Guns 1196 | 139 1057 Cannons 36 | . 36 Explosions . | . . Melee . | . . Ramming . | . . Kinetic 651 | 60 591 Thermal 581 | 79 502 Explosive . | . . Electromagnetic . | . . Impact . | . . Slashing . | . . Piercing . | . . Highest Corruption . | . . Average Corruption . | . . Corruption Purged . | . . Corruption Blocked . | . . Overload Shots . | . . Overflow Damage . | . . Projectiles . | . . Explosions . | . . Melee . | . . Knockbacks . | . . Impact . | . . Kinetic . | . . Secondary . | . . Self-Inflicted Damage . | . . Shots . | . . Rammed . | . . Targets Rammed . | . . Kicked . | . . Crushed . | . . Highest Temperature 216 | 24 216 Average Temperature 38 | 20 40 Received Heat Transfer 534 | 24 510 Siege Activations . | . . Robots Corrupted . | . . Combat Hostiles . | . . Parts Fried . | . . Impact Corruptions . | . . Robots Melted . | . . Combat Hostiles . | . . Parts Melted 1 | . 1 Heat Transferred 1311 | 175 1136 Parts Sabotaged . | . . Parts Stolen . | . . Parts Stripped . | . . Power Chain Reactions . | . . Alert | -11 -10 ------- Run | Yrd Mat Peak Influence 315 | 40 315 Initial . | . . Average 107 | 29 137 Maximum Alert Level 1 | . 1 Low Security (%) 80 | 100 73 Level 1 19 | . 26 Level 2 . | . . Level 3 . | . . Level 4 . | . . Level 5 . | . . High Security . | . . Max Security . | . . Squads Dispatched 7 | . 7 Investigation 5 | . 5 Extermination . | . . Reinforcement 2 | . 2 Assault . | . . Garrison . | . . Intercept . | . . Searches Triggered . | . . Construction Impeded . | . . Haulers Reinforced . | . . Active Scanning Responses . | . . Cargo Convoy Interrupts . | . . Stealth | -11 -10 --------- Run | Yrd Mat Distress Signals 1 | . 1 Communications Jammed . | . . Distress Signals . | . . Times Spotted 36 | 1 35 Peak Tracking Total 6 | 1 6 Tactical Retreats 2 | . 2 Traps | -11 -10 ------- Run | Yrd Mat Traps Triggered 1 | . 1 Indirectly . | . . Trap Hack Attempts . | . . Triggered . | . . Disarmed . | . . Reprogrammed . | . . Reused . | . . Traps Extracted . | . . Installed . | . . Triggered . | . . Machines | -11 -10 ---------- Run | Yrd Mat Machines Disabled 1 | . 1 Max in Single Turn 1 | . 1 Machines Repaired . | . . Machines Dismantled . | . . Machines Sabotaged . | . . Overloaded Fab Kills . | . . Hacking | -11 -10 --------- Run | Yrd Mat Machines Accessed 7 | . 7 Terminals 4 | . 4 Fabricators . | . . Repair Stations 1 | . 1 Recycling Units 2 | . 2 Scanalyzers . | . . Garrison Access . | . . Total Hacks 20 | . 20 Successful 9 | . 9 Failed 11 | . 11 Catastrophic 2 | . 2 Database Lockouts . | . . Manual 10 | . 10 Terminals 13 | . 13 Fabricators . | . . Repair Stations 2 | . 2 Recycling Units 5 | . 5 Scanalyzers . | . . Garrison Access . | . . Terminal Hacks 3 | . 3 Robot Analysis 1 | . 1 Prototype ID Bank 2 | . 2 Fabricator Hacks . | . . Repair Station Hacks 2 | . 2 Scan Component 1 | . 1 Repair 1 | . 1 Recycling Unit Hacks 2 | . 2 Report Inventory 2 | . 2 Scanalyzer . | . . Garrison Access Hacks . | . . Unauthorized Hacks 2 | . 2 Terminals 1 | . 1 Botnet 1 | . 1 Fabricators . | . . Repair Stations . | . . Recycling Units 1 | . 1 Tunnel 1 | . 1 Scanalyzers . | . . Garrison Access . | . . Data Cores Recovered . | . . Used . | . . Hacking Detections 6 | . 6 Full Trace Events 4 | . 4 Feedback Events . | . . Feedback Blocked . | . . Robot Schematics Acquired . | . . Robots Built . | . . Authchips . | . . Time . | . . Total Robot Build Rating . | . . Part Schematics Acquired . | . . Parts Built . | . . Authchips . | . . Time . | . . Total Part Build Rating . | . . Parts Repaired 1 | . 1 Time 26 | . 26 Parts Recycled . | . . Recycled Matter . | . . Retrieved Matter . | . . Retrieved Components . | . . Parts Scanalyzed . | . . Part Schematics Acquired . | . . Parts Damaged . | . . Bothacking | -11 -10 ------------ Run | Yrd Mat Used RIF Installer . | . . Robots Hacked . | . . Non-combat . | . . Combat . | . . Robot Hacks Applied . | . . Relay Couplers Released . | . . Fabnet Peak Effective % . | . . Robots Rewired . | . . Allies Hacked . | . . Hacks Repelled . | . . Allies | -11 -10 -------- Run | Yrd Mat Total Allies . | . . Largest Group . | . . Highest-Rated Group . | . . Highest-Rated Ally . | . . Total Orders . | . . Ally Attacks . | . . Total Damage . | . . Kills . | . . Allies Corrupted . | . . Allies Melted . | . . Intel | -11 -10 ------- Run | Yrd Mat Robot Analysis Total 1 | . 1 Derelict Logs Recovered . | . . Drone Launches . | . . Drone Recoveries . | . . Exploration | -11 -10 ------------- Run | Yrd Mat Turns Passed 1572 | 433 1139 Spaces Moved 558 | 80 478 Core 15 | 15 . Treads . | . . Legs 543 | 65 478 Wheels . | . . Hover . | . . Flight . | . . Fastest Speed 50 | 50 120 Average Speed 118 | 106 120 Slowest Speed 190 | 120 190 Overloaded Moves . | . . Propulsion Burnouts . | . . Robots Hopped . | . . Cave-ins Triggered . | . . Exploration Rate (%) 44 | 5 83 Regions Visited 1 Branch Regions . Pre-discovered Areas 1 | . 1 Known Exits Taken . | . . Unknown Exits Taken 1 | 1 . Scrap Searched . | . . Spaces Dug . | . . Terrain Destroyed . | . . Melee . | . . Projectile . | . . AOE . | . . Terrain Rammed . | . . Walls Destroyed . | . . Machines Disabled . | . . Actions | -11 -10 --------- Run | Yrd Mat Total 1296 | 408 888 Wait 578 | 309 269 Move 557 | 79 478 Hop . | . . Pick Up 24 | 5 19 Fast Attach 13 | 7 6 Attach 3 | . 3 Detach . | . . Swap 6 | . 6 Drop 21 | . 21 Fire 94 | 8 86 Melee . | . . Ram . | . . Kick . | . . Crush . | . . Escape Stasis . | . . Rewire . | . . Trap . | . . Miscellaneous . | . . Route ------- -11/Scrapyard -10/Materials (discovered 3 exits: [*Mat x2] / [*Min]) History --------- Turn | Location | Event 2 | -11/Scrapyard | Met Revision 17 64 | -11/Scrapyard | Discovered new exit (range 8) 434 | -11/Scrapyard | Entered Materials 435 | -10/Materials | Build established: Mutant 484 | -10/Materials | Discovered new exit (range 15) 954 | -10/Materials | Repaired Assault Rifle 1165 | -10/Materials | Discovered new exit (range 5) 1208 | -10/Materials | Build established: Scavenger-Mutant 1221 | -10/Materials | Discovered new exit (range 11) 1342 | -10/Materials | Core integrity fell below 50% 1568 | -10/Materials | Core integrity fell below 20% 1573 | -10/Materials | Destroyed by G-34 Mercenary with Small Laser Last Messages --------------- G-47 Trooper Tier: 3 The G-47 Trooper replaces the G-34's laser with a more effective particle gun. However, during prolonged confrontations the G-47 is prone to overheating as its upgraded weaponry produces more heat than the design can fully dissipate. >>Prototypes Downloading prototype IDs... Adv. Beam Cannon Imp. EM Shotgun 01530_ ALERT: Suspicious activity at Terminal M005. Dispatching Investigation squad. 01541_ Dropped Sml. Laser. 01543_ T-07 Excavator is excavating. 01545_ Acquired Beam Cannon. 01547_ T-07 Excavator is excavating. 01547_ Dropped Particle Gun. 01547_ Acquired Beam Cannon. 01549_ Dropped Lgt. Nuclear Core. 01551_ T-07 Excavator is excavating. Map ----- +----------------------------------------------------+ | | | | | | | | | | | | | | | | | | | ???????????????????????????????????????????? | | ???????????????????????????????????????????? | | ???????????????????????????????????????????? | | ???????????????????????????????????????????? | | ???????????????????????????????????????????? | | ???????????????????????????????????????????? | | ???????????????????????????????????????????? | | ???????????????????????????????????????????? | | ???????????????????????????????????????????? | | ????????????????????????????#??????????????? | | ??????# ?????????????? ???? #??????????????? | | ?????## ???????????? ??? ##?????????????? | | ?????# ! ##+#########+## #?????????????? | | ?????# ] #?????????????? | | ???????? ???????????????? | | ????????????# !!] #??????????????????? | | ??????????#?# !@] #??????????????????? | | ??????????# # ![ ##?????????????????? | | ???????? #?????????????????? | | ???????##t # [ gggg +?????????????? | | ????????#???###+####### #####?????????????? | | ????????????# #?# #?????????????????? | | ????????????# """ #?# #?????????????????? | | ????????????# """ #?# #??????????????#??? | | ???????#????# """ ### ########### ??? | | ????????????# + #?? | | ????????????# """ ## ### | | ????????????# """ ## # | | ????????????#" """ ## #### ######## # " | | ????????????#T ## #??# #??????????? # " | | ????????????#" ## #??# #??????????? # " | | ????????????# ## #??# ############ # " | | ????????????########## #??# ## =!# # " | | ?????????????????##### #??# ## # # | | ??????????######## #?## ## # ### | | ??????????# #??# ##/ =# ## | | ??????????# T #??# ## # ## | | ??????#???# #??# ## ! # ## | | ??????########+### #??# ## ! # ##! | | ??????# ### ##??# ## # ## | | ??????# #?# #???# ######+##### ### | +----------------------------------------------------+ Best States ------------- Heat Dissipation 25 Energy Generation 14 Energy Capacity 160 Matter Stores 300 Matter Capacity 300 Sight Range 16 Terrain Scan Range 16 Terrain Scan Density 10 Evasion (%) 55 Targeting Accuracy 5 Item Schematics ----------------- None Robot Schematics ------------------ None Fabricated ------------ Nothing Alien Tech Used ----------------- None Achievements -------------- None Challenges ------------ None Game ------ Seed LegWeaponsBattery Manual? 0 Play Time 00:25:52 Cumulative 63.4 hours Start 2024.04.11 @ 19:06:00 End 2024.04.12 @ 07:21:47 Sessions 4 Manual Loads 0 Difficulty Rogue Special Mode None Game No. 28 Rogue 27 Adventurer 1 Explorer 0 Win Type - Total 1 Types 1/0/0/0/0/0/0/0/0 Lore% 44 Gallery% 33 Achievement% 21 Wizard Run 0 Options --------- Layout 0 ASCII 0 Keyboard 1 Movement Vi Keybinds 0 Fullscreen 2 Font 18/Smallcaps Map View 76x50 Zoom Use 0% Tactical HUD 1 Map Filters NONE Filters NONE Steam 1 RUN: 9207ff54-bc48-438c-93ab-84bf5f4e04ce